 Dungeon Crawl Stone Soup version 0.25.1-2-g60ff931df9 (webtiles) character file.

Game seed: 15348241174733309351

3242 CrypticCrinoid the Cleaver (level 9, -4/123 HPs)
             Began as a Minotaur Berserker on Oct 7, 2020.
             Was a High Priest of Trog.
             Slain by Joseph
             ... wielding a +0 quarterstaff
              (11 damage)
             ... on level 8 of the Dungeon.
             The game lasted 00:16:38 (6051 turns).

CrypticCrinoid the Cleaver (Minotaur Berserker)     Turns: 6051, Time: 00:16:39

Health: -4/123     AC: 17    Str: 24    XL:     9   Next: 67%
Magic:  8/8        EV: 10    Int:  4    God:    Trog [*****.]
Gold:   419        SH:  9    Dex: 11    Spells: 8/8 levels left

rFire    . . .     SeeInvis .   a - +1 hand axe
rCold    . . .     Gourm    .   t - +0 buckler
rNeg     . . .     Faith    .   G - +0 chain mail
rPois    .         Spirit   .   (helmet restricted)
rElec    .         Reflect  +   (no cloak)
rCorr    .         Harm     .   z - +0 pair of gloves
MR       +....                  s - +0 pair of boots
Stlth    ..........             w - amulet of reflection
HPRegen  0.30/turn              p - ring of protection from magic
MPRegen  0.11/turn              C - +4 ring of protection

@: berserking, lethally poisoned (-4 -> -153), very quick
A: retaliatory headbutt, horns 2
a: Berserk, Trog's Hand, Brothers in Arms, Renounce Religion


You were on level 8 of the Dungeon.
You worshipped Trog.
Trog was extremely pleased with you.
You were very hungry.

You visited 1 branch of the dungeon, and saw 8 of its levels.
You also visited: Sewer.

You collected 419 gold pieces.

Inventory:

Hand Weapons
 a - a +1 hand axe (weapon)
 o - a +2 battleaxe
Armour
 j - a +1 plate armour
 s - a +0 pair of boots (worn)
 t - a +0 buckler (worn)
 z - a +0 pair of gloves (worn)
 G - a +0 chain mail (worn)
Jewellery
 p - a ring of protection from magic (left hand)
 w - an amulet of reflection (around neck)
 C - a +4 ring of protection (right hand)
Wands
 x - a wand of flame (15)
 D - a wand of digging (8)
Scrolls
 f - 2 scrolls of enchant armour
 h - 7 scrolls of teleportation
 k - 3 scrolls of enchant weapon
 q - 2 scrolls of remove curse
 r - a scroll of identify
 u - a scroll of magic mapping
 y - a scroll of fog
 B - a scroll of blinking
 F - a scroll of immolation {unknown}
Potions
 b - 3 potions of invisibility
 d - a potion of flight
 e - 8 potions of heal wounds
 g - 4 potions of haste
 l - 5 potions of curing
 m - a potion of lignification
 n - 2 potions of might
 v - a potion of stabbing
 A - a potion of berserk rage
Comestibles
 c - 22 rations
 i - 3 chunks of flesh


   Skills:
 * Level 8.3 Fighting
 * Level 11.0 Axes
 * Level 8.0 Armour
 * Level 5.8 Dodging
 - Level 1.0 Stealth
 * Level 1.9 Shields


You had 8 spell levels left.
You didn't know any spells.
Your spell library was empty.

Dungeon Overview and Level Annotations

Branches:
Dungeon (8/15)             Temple (0/1) D:7           Sewer (visited)
   Lair: D:8-11

Altars:
Dithmenos
Gozag
Kikubaaqudgha
Makhleb
Qazlal
Sif Muna
Vehumet
The Shining One

Annotations:
D:8 Joseph


Innate Abilities, Weirdness & Mutations

You reflexively headbutt those who attack you in melee.
You have a pair of horns on your head.


Message History

You slash Joseph!
Joseph is severely wounded.
You are engulfed in poison gas.
You are more poisoned.
* * * LOW HITPOINT WARNING * * *
x2 You feel very sick.
You slash Joseph!
Joseph is severely wounded.
You are engulfed in poison gas.
You are more poisoned.
* * * LOW HITPOINT WARNING * * *
x2 You feel very sick.
You slash Joseph!
Joseph is almost dead.
You are engulfed in poison gas.
You are more poisoned.
* * * LOW HITPOINT WARNING * * *
x2 You feel very sick.
Joseph hits you with a +0 quarterstaff!
You die...

#.......#.#.##
#.......#.#..#
#.......#.##.#
#.......#.##.#
#.............
##.##...#.###<#
#.........# #.#
#.#####☼.####..## #.#
#..@@§§§.(.÷...####.#
#######°.#..........#
#..#.##..######
#........# #.###?#.##
#.# .#.# #.. ...# ###
.### ..


You could see Joseph.

Vanquished Creatures
  Pikel (D:4)
  The ghost of Zerd the Changer, a novice OpTm of Makhleb (D:5)
  Sigmund (D:2)
  A spriggan (D:7)
  An ice beast (D:5)
  3 slaves (D:4)
  2 sky beasts (D:6)
  2 phantoms
  3 ogres
  2 centaurs
  A bullfrog (D:6)
  4 scorpions
  4 wights (D:6)
  A howler monkey (D:8)
  3 crimson imps
  2 bullfrog zombies
  A gnoll shaman (D:7)
  2 hounds (D:4)
  A jelly (D:6)
  3 bullfrog skeletons
  2 orc wizards (D:3)
  2 iguanas
  4 worker ants
  A hound skeleton (D:7)
  2 howler monkey zombies
  A worker ant zombie (D:7)
  10 gnolls
  11 adders
  A shadow imp (D:7)
  An adder zombie (D:6)
  An adder skeleton (D:4)
  4 worms
  4 dart slugs
  5 leopard geckos
  10 orcs
  5 giant cockroaches
  5 goblins
  2 hobgoblins
  7 kobolds
  5 quokkas
  11 ball pythons
  5 bats
  9 frilled lizards
  7 rats
154 creatures vanquished.

Notes
Turn   | Place    | Note
-------+----------+-------------------------------------------
     0 | D:1      | CrypticCrinoid the Minotaur Berserker began the quest for
                  | the Orb.
     0 | D:1      | Reached XP level 1. HP: 19/19 MP: 0/0
   193 | D:1      | Reached XP level 2. HP: 27/27 MP: 1/1
   246 | D:1      | Reached skill level 4 in Axes
   486 | D:1      | Reached ** piety under Trog
   772 | D:2      | Found an opulent altar of Gozag.
   772 | D:2      | Found a shadowy altar of Dithmenos.
   772 | D:2      | Noticed a scorpion
   780 | D:2      | Killed a scorpion
   780 | D:2      | Reached XP level 3. HP: 11/34 MP: 2/2
   780 | D:2      | Reached XP level 4. HP: 13/41 MP: 3/3
  1013 | D:2      | Found a burning altar of Makhleb.
  1022 | D:2      | Noticed Sigmund
  1027 | D:2      | Killed Sigmund
  1027 | D:2      | Reached skill level 5 in Fighting
  1027 | D:2      | Reached skill level 5 in Axes
  1027 | D:2      | Reached XP level 5. HP: 48/48 MP: 4/4
  1032 | D:2      | Reached XP level 6. HP: 56/56 MP: 5/5
  1280 | D:2      | Found a shimmering blue altar of Sif Muna.
  1610 | D:3      | Reached skill level 6 in Axes
  1977 | D:3      | Reached *** piety under Trog
  2382 | D:3      | Found a glowing golden altar of the Shining One.
  2426 | D:3      | Found a radiant altar of Vehumet.
  2428 | D:3      | Found an ancient bone altar of Kikubaaqudgha.
  2474 | D:4      | Noticed Pikel
  2474 | D:4      | Noticed a slave
  2474 | D:4      | Noticed a slave
  2475 | D:4      | Noticed a slave
  2475 | D:4      | Noticed a slave
  2487 | D:4      | HP: 2/84 [slave[Pikel] (6)]
  2488 | D:4      | Killed a slave
  2488 | D:4      | Killed a slave
  2488 | D:4      | Killed a slave
  2489 | D:4      | Reached skill level 5 in Armour
  2492 | D:4      | Killed Pikel
  2492 | D:4      | Reached skill level 7 in Axes
  2492 | D:4      | Reached XP level 7. HP: 3/63 MP: 6/6
  2511 | D:4      | Reached skill level 8 in Axes
  2511 | D:4      | Reached XP level 8. HP: 7/70 MP: 7/7
  3267 | D:5      | Entered Level 5 of the Dungeon
  3496 | D:5      | Found a runed translucent door.
  3497 | D:5      | Noticed Zerd's ghost (novice OpTm)
  3584 | D:5      | Killed Zerd's ghost
  3584 | D:5      | Reached **** piety under Trog
  3584 | D:5      | Reached skill level 9 in Axes
  3584 | D:5      | Reached skill level 1 in Stealth
  3991 | D:6      | Found a glowing drain.
  4004 | Sewer    | Entered a sewer
  4413 | D:6      | Reached XP level 9. HP: 61/79 MP: 8/8
  4518 | D:6      | Reached skill level 10 in Axes
  4564 | D:6      | Reached skill level 5 in Dodging
  4876 | D:6      | Found a stormy altar of Qazlal.
  5166 | D:7      | Found a staircase to the Ecumenical Temple.
  5365 | D:7      | Reached ***** piety under Trog
  5365 | D:7      | Reached skill level 1 in Shields
  5682 | D:7      | Reached skill level 11 in Axes
  6036 | D:8      | Noticed Joseph
  6051 | D:8      | Slain by Joseph

Illustrated notes

Levels and vault maps discovered:
D:1:      dpeg_arrival_rooms_with_view, layout_loops_ring, minmay_hedge_maze
D:2:      layout_rooms, old_standard_altar, grunt_temple_overflow_open,
          minmay_misc_feat_square, uniq_sigmund
D:3:      layout_basic, tso_altar, nicolae_overflow_hidden_temple, first_ration,
          kennysheep_generic_room_10
D:4:      layout_rooms, uniq_pikel
D:5:      layout_basic, ebering_ghost_reflecting_pool
D:6:      layout_rooms, nicolae_qazlal_eye_of_the_storm, portal_sewer_entry_a
D:7:      layout_basic, minmay_temple_entry_slanted, the_bakery,
          chequers_serial_rivers_room_a
D:8:      layout_loops_cross, kennysheep_ying_yang, kennysheep_mini, uniq_joseph

Skill      XL: |  1  2  3  4  5  6  7  8  9 |
---------------+----------------------------+-----
Axes           | 4 5 7 8 9 11 | 11.0
Fighting       | 4 5 6 7 8 |  8.3
Armour         | 3 4 6 7 8 |  8.0
Dodging        | 3 4 5 |  5.8
Stealth        | 1 |  1.0
Shields        | 1 |  1.9

Action                   |  1- 3 |  4- 6 |  7- 9 || total
-------------------------+-------+-------+-------++-------
Melee: Hand axe          |    45 |   122 |   282 ||   449
       Headbutt          |     7 |    12 |    66 ||    85
Invok: Berserk           |       |     2 |     1 ||     3
  Use: Scroll            |     5 |     2 |    14 ||    21
       Potion            |       |     1 |     1 ||     2
  Eat: Chunk             |       |     6 |    12 ||    18
Armor: Animal skin       |     6 |       |       ||     6
       Ring mail         |    24 |    30 |    74 ||   128
       Chain mail        |       |       |     6 ||     6
Dodge: Dodged            |    41 |    68 |   158 ||   267
Block: Other             |       |       |    44 ||    44
       Reflection        |       |       |     2 ||     2
       Buckler           |       |       |    32 ||    32
